 Dungeon Crawl Stone Soup version 0.17-a0-2147-gfb20a63 (webtiles) character file.

13940 st0uf the Devastator (level 12, -3/59 HPs)
             Began as a Tengu Air Elementalist on Oct 24, 2015.
             Was an Elder of Vehumet.
             Slain by Gastronok (29 damage)
             ... on level 2 of the Lair of Beasts.
             The game lasted 01:53:29 (15461 turns).

st0uf the Devastator (Tengu Air Elementalist)      Turns: 15461, Time: 01:53:29

Health: -3/59      AC: 13    Str:  8    XL:     12   Next: 11%
Magic:  1/12       EV: 20    Int: 21    God:    Vehumet [****..]
Gold:   472        SH:  0    Dex: 29    Spells: 7 memorised, 3 levels left

rFire  . . .     SeeInvis .     S - +11 whip of the Genius {venom, +Rage MP-9 Dex+11}
rCold  . . .     Clarity  .     M - +0 ring mail "Onevon" {rElec MR+ Dex+3}
rNeg   . . .     SustAt   .     (no shield)
rPois  .         Gourm    .     (helmet restricted)
rElec  +         Spirit   .     D - +0 cloak
rCorr  .         Warding  .     y - +0 pair of gloves
rMut   .         Stasis   .     (boots unavailable)
MR     +....                    X - amulet "Ken Zik" {Regen+ Slay+2}
Stlth  ++........               k - +3 ring of protection
                                F - +3 ring of protection

@: somewhat resistant to hostile enchantments, unstealthy
A: beak, talons 3, able to fly 1
a: Fly, Renounce Religion, Evoke Berserk Rage


You were on level 2 of the Lair of Beasts.
You worshipped Vehumet.
Vehumet was greatly pleased with you.
You were not hungry.

You visited 3 branches of the dungeon, and saw 12 of its levels.

You collected 598 gold pieces.
You spent 126 gold pieces at shops.

Inventory:

Hand Weapons
 J - a +1 dagger of holy wrath
 S - the +11 whip of the Genius (weapon) {venom, +Rage MP-9 Dex+11}
   (You found it on level 7 of the Dungeon)

   It poisons the flesh of those it strikes.
   It affects your dexterity (+11).
   It affects your magic capacity (-9).
   It lets you go berserk.
Armour
 p - a +2 robe of cold resistance
 y - a +0 pair of gloves (worn)
 D - a +0 cloak (worn)
 M - the +0 ring mail "Onevon" (worn) {rElec MR+ Dex+3}
   (You found it on level 5 of the Dungeon)

   It affects your dexterity (+3).
   It insulates you from electricity.
   It affects your resistance to hostile enchantments.
Jewellery
 a - an uncursed ring of ice
 e - the amulet "Illucs" {Gourm Int+2, unknown}
   (You found it on level 2 of the Lair of Beasts)

   [amulet of the gourmand]

   It allows you to eat raw meat even when not hungry.
   It affects your intelligence (+2).
 k - a +3 ring of protection (right hand)
 t - an uncursed ring of protection from magic {unknown}
 A - an uncursed ring of protection from fire
 F - a +3 ring of protection (left hand)
 W - an uncursed ring of stealth {unknown}
 X - the amulet "Ken Zik" (around neck) {Regen+ Slay+2}
   (You found it on level 9 of the Dungeon)

   [amulet of regeneration]

   It affects your accuracy and damage with ranged weapons and melee attacks
   (+2).
   It increases your rate of regeneration.
Scrolls
 d - 2 scrolls of magic mapping
 g - 2 scrolls of remove curse
 l - 3 scrolls of random uselessness {unknown}
 m - a scroll of identify
 n - 4 scrolls of teleportation
 r - 3 scrolls of immolation {unknown}
 w - 2 scrolls of fog {unknown}
 z - 3 scrolls of enchant armour
 B - a scroll of fear {unknown}
 G - a scroll of noise {unknown}
 I - 4 scrolls of recharging {unknown}
 P - 3 scrolls of enchant weapon
 Z - 2 scrolls of acquirement {unknown}
Potions
 j - 4 potions of curing
 o - 4 potions of lignification
 q - 2 potions of haste
 v - a potion of beneficial mutation {unknown}
 x - 3 potions of ambrosia
 C - a potion of cancellation
 H - a potion of invisibility
 K - a potion of heal wounds {unknown}
 N - a potion of resistance {unknown}
 Q - a potion of agility
Books
 b - a book of Air

   Spells                             Type                      Level
   a - Shock                          Conjuration/Air              1
   b - Swiftness                      Charms/Air                   2
   c - Repel Missiles                 Charms/Air                   2
   d - Static Discharge               Conjuration/Air              3
   e - Lightning Bolt                 Conjuration/Air              5
Comestibles
 c - 8 bread rations
 f - 11 beef jerkies
 h - 13 chunks of flesh
 i - 3 meat rations
 O - 4 royal jellies
 R - a fruit


   Skills:
 - Level 11.2 Dodging
 - Level 2.0 Stealth
 + Level 5.6 Spellcasting
 + Level 16.6 Conjurations
 - Level 10.0 Air Magic


You had 3 spell levels left.
You knew the following spells:

 Your Spells              Type           Power        Failure   Level  Hunger
a - Shock                 Conj/Air       ####         1%          1    None
b - Swiftness             Chrm/Air       ####....     10%         2    None
c - Static Discharge      Conj/Air       ######..     1%          3    ##.....
d - Repel Missiles        Chrm/Air       ####..       10%         2    None
e - Searing Ray           Conj           ######       1%          2    None
f - Airstrike             Air            #####.....   2%          4    ####...
g - Lightning Bolt        Conj/Air       ######....   1%          5    #####..


Dungeon Overview and Level Annotations

Branches:
Dungeon (9/15)             Temple (1/1) D:5            Lair (2/8) D:8
    Orc: D:9-12

Altars:
Ashenzari
Cheibriados
Dithmenos
Elyvilon
Fedhas
Gozag
Kikubaaqudgha
Makhleb
Nemelex Xobeh
Okawaru
Qazlal
Ru
Sif Muna
Trog
Vehumet
Xom
Yredelemnul
Zin
The Shining One

Shops:
D:7 *

Annotations:
Lair:2 Gastronok


Innate Abilities, Weirdness & Mutations

You have a beak for a mouth.
You have claws for feet.
You can fly.


Message History

Confirm with . or Enter, or press ? or * to list all spells.
Gastronok is struck by lightning.
Gastronok is moderately wounded.
The lightning grounds out.
Gastronok misses you.
You hit Gastronok.
Gastronok looks even sicker.
You claw Gastronok. You peck Gastronok.
Gastronok is heavily wounded.
You hit Gastronok. You claw Gastronok.
Gastronok is heavily wounded.
Gastronok bites you!
You whack Gastronok!
Gastronok is heavily wounded.
Gastronok closely misses you.
You whack Gastronok! You claw Gastronok. You peck Gastronok.
Gastronok is severely wounded.
You hit Gastronok. You claw Gastronok, but do no damage.
You peck Gastronok, but do no damage.
Gastronok is severely wounded.
Gastronok bites you!!
You die...

..##.#..............###P##.#..##
..........................#....#
....<.........................##
P...##P..#.#.####..............#
#..####..##### #...#..#####..##
#..# ##..#### P..# ...# ###...#
##..# #..# ######w##..####. ...#
.......@......... h..#
................?
##.######P.P##.P. ##### ##


You could see Gastronok.

Vanquished Creatures
  Fannar (Lair:2)
  Erica (Lair:2)
  Sonja (Lair:2)
  Nergalle (Lair:2)
  Joseph (D:9)
  The ghost of Armakuni the Ducker, a novice DEGl of Okawaru (D:5)
  A spiny frog (Lair:1)
  2 komodo dragons (Lair:1)
  11 blink frogs (Lair:2)
  Prince Ribbit (D:6)
  3 yaks (Lair:2)
  3 hippogriffs
  Eustachio (D:6)
  Grum (D:9)
  A hungry ghost (D:8)
  8 wolves
  Edmund (D:7)
  2 water moccasins (Lair:2)
  3 porcupines
  2 orc warriors (D:7)
  2 black bears (D:7)
  An ice beast (D:6)
  5 ogres
  3 phantoms
  An eye of draining (D:8)
  A necrophage (D:6)
  A crocodile (Lair:1)
  5 centaurs
  A big kobold (D:7)
  4 giant frogs
  A scorpion (D:7)
  A water moccasin skeleton (D:5)
  8 killer bees
  13 wights
  4 crimson imps
  5 giant frog skeletons
  6 orc priests
  6 hounds
  A jelly (D:8)
  A centaur skeleton (D:4)
  11 orc wizards
  2 gnoll shamans
  6 iguanas
  8 worker ants
  A killer bee zombie (D:9)
  2 hound zombies
  3 worker ant zombies
  10 gnolls
  15 river rats (Lair:2)
  12 adders
  2 shadow imps
  4 oozes
  An adder skeleton (D:9)
  3 worms
  4 giant geckos
  26 orcs
  4 bats
  7 giant cockroaches
  9 goblins
  9 hobgoblins
  11 kobolds
  3 ball pythons
  A ball python skeleton (D:4)
  A giant cockroach zombie (D:5)
  11 giant newts
  2 gnoll zombies (D:9)
  A goblin skeleton (D:5)
  A goblin zombie (D:5)
  5 hobgoblin zombies (D:5)
  12 jackals
  A jackal zombie (D:5)
  3 kobold skeletons (D:5)
  A kobold zombie (D:5)
  2 quokkas
  A quokka skeleton (D:7)
  A quokka zombie (D:9)
  8 rats
320 creatures vanquished.

Vanquished Creatures (others)
  A fungus (Lair:2)
1 creature vanquished.

Grand Total: 321 creatures vanquished

Notes
Turn   | Place    | Note
--------------------------------------------------------------
     0 | D:1      | st0uf the Tengu Air Elementalist began the quest for the Orb.
     0 | D:1      | Reached XP level 1. HP: 10/10 MP: 4/4
   233 | D:1      | Reached XP level 2. HP: 15/15 MP: 0/6
  1299 | D:2      | Reached XP level 3. HP: 19/19 MP: 2/7
  1438 | D:2      | Learned a level 2 spell: Swiftness
  1442 | D:2      | Learned a level 3 spell: Static Discharge
  1653 | D:2      | Found a snail-covered altar of Cheibriados.
  1664 | D:2      | Reached XP level 4. HP: 17/24 MP: 0/9
  2793 | D:3      | Reached skill level 5 in Conjurations
  2793 | D:3      | Gained mutation: You can fly. [Tengu growth]
  2793 | D:3      | Reached XP level 5. HP: 28/28 MP: 3/11
  3609 | D:3      | Reached XP level 6. HP: 11/32 MP: 0/13
  3959 | D:4      | Reached skill level 6 in Conjurations
  4471 | D:4      | Reached XP level 7. HP: 32/36 MP: 4/14
  4637 | D:4      | Reached skill level 7 in Conjurations
  4637 | D:4      | Reached skill level 5 in Air Magic
  4893 | D:5      | Entered Level 5 of the Dungeon
  4908 | D:5      | You fall through a shaft for 3 floors!
  4942 | D:7      | Found Tijeedu's General Store.
  5450 | D:5      | Reached skill level 8 in Conjurations
  5594 | D:5      | Got an opal-encrusted ring mail
  5605 | D:5      | Identified the cursed +0 ring mail "Onevon" {rElec MR+ Dex+3} (You found it on level 5 of the Dungeon)
  5679 | D:5      | Noticed Armakuni's ghost (novice DEGl)
  5696 | D:5      | Killed Armakuni's ghost
  5696 | D:5      | Reached skill level 9 in Conjurations
  5696 | D:5      | Reached XP level 8. HP: 20/41 MP: 0/15
  5824 | D:5      | Found a staircase to the Ecumenical Temple.
  5877 | Temple   | Entered the Ecumenical Temple
  5886 | Temple   | Became a worshipper of Vehumet
  6049 | D:5      | Found a glowing golden altar of the Shining One.
  6967 | D:5      | Reached * piety under Vehumet
  6967 | D:5      | Offered knowledge of Flame Tongue by Vehumet.
  7071 | D:5      | Learned a level 2 spell: Repel Missiles
  7114 | D:5      | Reached skill level 10 in Conjurations
  7384 | D:6      | Noticed Eustachio
  7408 | D:6      | Killed Eustachio
  7408 | D:6      | Reached XP level 9. HP: 38/45 MP: 0/16
  7530 | D:6      | Noticed a hippogriff
  7548 | D:6      | Killed a hippogriff
  7769 | D:6      | Reached skill level 11 in Conjurations
  7863 | D:6      | Reached skill level 10 in Air Magic
  7879 | D:6      | Noticed Prince Ribbit
  7918 | D:6      | Noticed Edmund
  8568 | D:6      | Killed Prince Ribbit
  8750 | D:6      | Reached ** piety under Vehumet
  8754 | D:6      | Offered knowledge of Freeze by Vehumet.
  9131 | D:7      | Bought a scroll of teleportation for 36 gold pieces
  9131 | D:7      | Bought a scroll of enchant weapon for 90 gold pieces
  9362 | D:7      | Reached skill level 12 in Conjurations
  9416 | D:7      | Reached skill level 5 in Dodging
  9878 | D:6      | Reached XP level 10. HP: 47/50 MP: 3/17
  9970 | D:7      | Killed Edmund
 10071 | D:7      | Got a polished whip
 10072 | D:7      | Identified the +11 whip of the Genius {venom, +Rage MP-9 Dex+11} (You found it on level 7 of the Dungeon)
 10459 | D:7      | Reached skill level 13 in Conjurations
 10678 | D:8      | Offered knowledge of Searing Ray by Vehumet.
 10682 | D:8      | Learned a level 2 spell: Searing Ray
 10792 | D:8      | Noticed a hungry ghost
 10806 | D:8      | Killed a hungry ghost
 10824 | D:8      | Found a sparkling altar of Nemelex Xobeh.
 10918 | D:8      | Got a pitted plate armour
 10929 | D:8      | Identified the cursed +1 plate armour of Morality {+Inv Str+7 Dex-3} (You found it on level 8 of the Dungeon)
 10975 | D:8      | Noticed a hippogriff
 10981 | D:8      | Killed a hippogriff
 11059 | D:8      | Reached *** piety under Vehumet
 11074 | D:8      | Found an ancient bone altar of Kikubaaqudgha.
 11253 | D:8      | Found a burning altar of Makhleb.
 11323 | D:8      | Found an iron altar of Okawaru.
 11672 | D:8      | You fall through a shaft!
 11685 | D:9      | Noticed Grum
 11709 | D:9      | Killed Grum
 11997 | D:9      | Found a shimmering altar of Xom.
 12111 | D:9      | Reached skill level 14 in Conjurations
 12116 | D:9      | Got a flickering brass amulet
 12118 | D:9      | Identified the amulet "Ken Zik" {Regen+ Slay+2} (You found it on level 9 of the Dungeon)
 12250 | D:9      | Noticed Joseph
 12261 | D:9      | Killed Joseph
 12354 | D:9      | Found a runed door.
 12665 | D:9      | Offered knowledge of Airstrike by Vehumet.
 12671 | D:9      | Learned a level 4 spell: Airstrike
 12695 | D:9      | Found a basalt altar of Yredelemnul.
 12799 | D:9      | Reached XP level 11. HP: 54/54 MP: 2/18
 12986 | D:9      | Noticed an orc knight
 13003 | D:9      | Noticed an orc knight
 13109 | D:8      | Found a staircase to the Lair.
 13203 | Lair:1   | Entered Level 1 of the Lair of Beasts
 13665 | Lair:1   | Reached skill level 15 in Conjurations
 14121 | Lair:2   | Noticed Nergalle
 14144 | Lair:2   | Reached **** piety under Vehumet
 14154 | Lair:2   | Offered knowledge of Iskenderun's Mystic Blast by Vehumet.
 14353 | Lair:2   | Killed Nergalle
 14353 | Lair:2   | Reached skill level 10 in Dodging
 14539 | Lair:2   | Got a coiled zirconium amulet
 14589 | Lair:2   | Noticed Erica
 14606 | Lair:2   | Noticed Fannar
 14789 | Lair:2   | Killed Fannar
 14860 | Lair:2   | Noticed Sonja
 14966 | Lair:2   | Killed Sonja
 15025 | Lair:2   | Reached skill level 16 in Conjurations
 15201 | Lair:2   | Killed Erica
 15291 | Lair:2   | Reached skill level 5 in Spellcasting
 15291 | Lair:2   | Reached XP level 12. HP: 34/59 MP: 5/20
 15428 | Lair:2   | Learned a level 5 spell: Lightning Bolt
 15449 | Lair:2   | Noticed Gastronok
 15461 | Lair:2   | Slain by Gastronok

Vault maps used:
D:1:      dpeg_arrival_another_circle
D:2:      cheibriados_altar_wand_db
D:3:      minivault_4, kennysheep_flooded_box, nrook_loot_triangle
D:5:      nicolae_tso_besieged_by_evil, minmay_temple_entry_hall, first_bread
D:6:      uniq_eustachio, uniq_edmund, uniq_prince_ribbit1
D:7:      black_bear_nest_1, serial_shops, shop, grunt_ogre_cave
D:8:      kiku_gazebo_garden_becter, lemuel_doored_altar, kennysheep_little_box,
          nemelex_deck, lair_0_dummy
D:9:      lemuel_crystal_altar, lemuel_zombie_altar_yredelemnul,
          lightli_church_of_beogh, uniq_grum, uniq_joseph
Temple:   nicolae_temple_no_exploring_needed
Lair:2:   uniq_nergalle, uniq_erica, uniq_gastronok, uniq_fannar, uniq_sonja

Action                   |  1- 3 |  4- 6 |  7- 9 | 10-12 || total
-------------------------+-------+-------+-------+-------++-------
Melee: Unarmed           |     2 |     1 |       |       ||     3
       Dagger            |       |       |    12 |       ||    12
       Whip              |       |       |       |   218 ||   218
 Cast: Shock             |    68 |   127 |   184 |   141 ||   520
       Static Discharge  |     1 |    25 |   100 |    77 ||   203
       Repel Missiles    |       |       |     2 |     1 ||     3
       Swiftness         |       |       |       |     1 ||     1
 Abil: Fly               |       |       |     1 |       ||     1
  Use: Scroll            |       |       |     5 |    12 ||    17
       Potion            |       |       |       |     1 ||     1
 Stab: Sleeping          |       |       |       |     6 ||     6
  Eat: Chunk             |     3 |    11 |    22 |    23 ||    59
       Pizza             |       |       |     1 |     1 ||     2
       Royal jelly       |       |       |     1 |       ||     1
       Fruit             |       |       |       |     3 ||     3
